AoeStats
← Q-chu

Arabia

509658168Analyzed
1v1 RM · 5d ago on Sep 27, 2026· 50m 56s· 2 players
Game mode
Random Map
Map size
Tiny (2 player)
Population
200
Speed
Normal
Resources
Standard
Victory
Conquest
Starting age
Dark Age
Ending age
Imperial Age
RankedLock teamsTeams togetherTeam positionsShared explorationLock speedFull tech treeHidden civsTurbo modeCheats
Victory
Defeat
🇧🇬 Bohemians · Bulgaria
1259
+16
🇫🇷 Varangians · France
1254
-16
The_Magenta
7:00 Loom
9:57 Feudal Age
10:38 Double-Bit Axe
10:28 Man-at-Arms
12:56 Fletching
20:41 Scale Barding Armor
22:23 Bloodlines
23:35 Forging
27:02 Castle Age
26:07 Horse Collar
26:18 Gold Mining
28:05 Chain Barding Armor
30:08 Husbandry
31:04 Heavy Plow
34:12 Bow Saw
37:10 Wheelbarrow
39:44 Bodkin Arrow
39:50 Padded Archer Armor
40:21 Elite Skirmisher
45:16 Imperial Age
44:56 Hand Cart
45:21 Light Cavalry
47:37 Two-Man Saw
47:08 Crop Rotation
47:16 Plate Barding Armor
47:17 Iron Casting
48:01 Conscription
48:20 Hussar
49:04 Bracer
49:57 Leather Archer Armor
50:43 Blast Furnace
Q-chu
3:50 Loom
9:50 Feudal Age
11:14 Town Watch
11:15 Double-Bit Axe
13:16 Man-at-Arms
16:07 Fletching
18:54 Padded Archer Armor
23:41 Castle Age
22:18 Horse Collar
24:09 Wheelbarrow
25:52 Bow Saw
26:25 Bodkin Arrow
25:55 Crossbowman
27:28 Hand Cart
29:29 Fervor
29:37 Pikeman
35:47 Scale Mail Armor
37:54 Squires
38:48 Ballistics
40:20 Forging
45:40 Imperial Age
43:24 Elite Skirmisher
46:02 Leather Archer Armor
46:23 Iron Casting
47:33 Chemistry
46:01 Halberdier
49:53 Wagenburg Tactics
50:40 Chain Mail Armor
Connection lost

Rejoining the realm…

Still unreachable

The connection could not be restored.

Session expired

The server has moved on; the page needs a fresh start.